 Dungeon Crawl Stone Soup version 0.29-a0-559-g359e09b9d1 (webtiles) character file.

Game seed: 11107706989692014943

9337 frimble the Basher (level 12, -7/95 HPs)
             Began as a Meteoran Ice Elementalist on June 11, 2022.
             Was an Elder of Cheibriados.
             Mangled by a gargoyle
             ... wielding a +0 flail
              (23 damage)
             ... in a Gauntlet.
             The game lasted 00:16:36 (5654 turns).

frimble the Basher (Meteoran Ice Elementalist)      Turns: 5654, Time: 00:16:37

Health: -7/95      AC:  3    Str: 27    XL:     12   Next: 3%
Magic:  18/18      EV: 14    Int: 29    God:    Cheibriados [****..]
Gold:   108        SH:  0    Dex: 24    Spells: 4/17 levels left

rFire   . . .      SeeInvis +   l - +1 flail
rCold   . . .      Faith    .   (no shield)
rNeg    . . .      Spirit   .   a - +0 robe
rPois   .          Reflect  .   (no helmet)
rElec   .          Harm     .   (no cloak)
rCorr   .          Rampage  .   F - +0 pair of gloves
Will    +....      NoTele   +   (no boots)
Stlth   +.........              (no amulet)
HPRegen 0.25/turn               i - +6 ring of strength
MPRegen 0.16/turn               s - ring of see invisible

@: glowing, very slow
A: sense surroundings 2, otherworldly, glowing, explore regen
a: Renounce Religion, Bend Time, Temporal Distortion, Slouch


You were in a Gauntlet.
You worshipped Cheibriados.
Cheibriados was greatly pleased with you.
You visited 2 branches of the dungeon, and saw 13 of its levels.
You also visited: Gauntlet.

You collected 348 gold pieces.
You spent 240 gold pieces at shops.

Inventory:

Hand Weapons
 l - a +1 flail (weapon)
Missiles
 f - 5 silver javelins
Armour
 a - a +0 robe (worn)
 E - the -2 cloak of Gixkelem {Str+2}
   (You found it in a Gauntlet)

   Str:       It affects your strength (+2).
 F - a +0 pair of gloves (worn)
 G - a +1 helmet of intelligence
Jewellery
 i - a +6 ring of strength (left hand)
 s - a ring of see invisible (right hand)
Wands
 o - a wand of iceblast (14)
 q - a wand of digging (2)
 t - a wand of flame (53)
 v - a wand of polymorph (7)
Scrolls
 e - 3 scrolls of amnesia
 g - 3 scrolls of brand weapon
 h - 2 scrolls of teleportation
 k - 3 scrolls of magic mapping
 w - a scroll of summoning
 y - 2 scrolls of fear
 z - a scroll of enchant weapon
 A - a scroll of fog
 B - a scroll of immolation
Potions
 b - 2 potions of magic
 c - a potion of lignification
 d - 2 potions of cancellation
 j - 2 potions of attraction
 m - a potion of brilliance
 n - 4 potions of curing
 p - 2 potions of mutation
 r - 2 potions of might
 u - 2 potions of heal wounds {unknown}
 x - a potion of ambrosia
 C - a potion of flight
 D - a potion of haste


   Skills:
 + Level 5.6 Fighting
 + Level 10.9 Maces & Flails
 - Level 3.1 Dodging
 - Level 2.0 Stealth
 - Level 3.3 Spellcasting
 - Level 7.6 Conjurations
 + Level 4.3 Transmutations
 - Level 10.0 Ice Magic
 + Level 4.3 Earth Magic
 + Level 7.7 Invocations
 - Level 6.3 Evocations


You had 4 spell levels left.
You knew the following spells:

 Your Spells              Type           Power      Damage    Failure   Level
a - Freeze                Ice            100%       1d11      1%          1
b - Frozen Ramparts       Ice            100%       1d12      1%          3
c - Ozocubu's Armour      Ice            58%        N/A       1%          3
d - Hailstorm             Conj/Ice       54%        3d12      1%          4
e - Passwall              Tmut/Erth      25%        N/A       1%          2

Your spell library contained the following spells:

 Spells                   Type           Power      Damage    Failure   Level
 Magic Dart               Conj           100%       1d8       1%          1
 Shock                    Conj/Air       100%       1d9       1%          1
 Ensorcelled Hibernation  Hex/Ice        66%        N/A       1%          2
 Ice Form                 Ice/Tmut       46%        N/A       3%          4
 Dazzling Flash           Conj/Hex       54%        N/A       4%          3
 Mephitic Cloud           Conj/Pois/Air  19%        N/A       8%          3
 Summon Ice Beast         Ice/Summ       33%        N/A       10%         4
 Call Imp                 Summ           4%         N/A       11%         2
 Swiftness                Air            4%         N/A       22%         3
 Leda's Liquefaction      Hex/Erth       8%         N/A       30%         4
 Airstrike                Air            2%         N/A       58%         4
 Lee's Rapid Deconstruct  Erth           15%        3d11*     34%         5
 Statue Form              Tmut/Erth      20%        N/A       88%         6
 Agony                    Necr           4%         N/A       90%         5
 Silence                  Hex/Air        2%         N/A       90%         5


Dungeon Overview and Level Annotations

Branches:
Dungeon (12/15)            Temple (1/1) D:4            Lair (0/6) D:8
Gauntlet (1/1)
    Orc: D:9-12

Altars:
Ashenzari
Cheibriados
Dithmenos
Elyvilon
Fedhas
Gozag
Hepliaklqana
Kikubaaqudgha
Makhleb
Nemelex Xobeh
Okawaru
Qazlal
Ru
Sif Muna
Trog
Vehumet
Xom
Yredelemnul
Zin
The Shining One

Shops:
D:6 [   D:8 :   D:9 !

Annotations:
Gauntlet 6 transporters, 2 runed translucent doors


Innate Abilities, Weirdness & Mutations

You passively map the area around you.
You are easily found by Zot.
You glow in the dark.
You regain HP and MP as you explore.


Message History

The catoblepas smashes its foot into the ground.
The white imp grinds its teeth.
The white imp puffs mist at you.
The golden eye pulsates ominously.
The death scarab waves its antennae.
Unknown command.
You start waiting.
The golden eye pulsates ominously.
The death scarab waves its antennae. x2
HP restored.
The golden eye pulsates ominously.
Unknown command.
You enter the transporter and appear at another place.
The molten gargoyle blasts magma at you!
The bolt of magma hits you!!
The gargoyle hurls a stone arrow at you.
The stone arrow hits you!
The catoblepas breathes a plume of calcifying dust at you.
The blast of calcifying dust hits you!
Found 43 gold pieces.
Found two transporters.
The catoblepas breathes a plume of calcifying dust at you.
The blast of calcifying dust hits the gargoyle but does no damage.
The blast of calcifying dust hits you. The gargoyle attacks as you move away!
The gargoyle hits you with a +0 flail!
Found a plate armour and a faintly humming cloak.
The catoblepas breathes a plume of calcifying dust at you.
The blast of calcifying dust hits the gargoyle.
The blast of calcifying dust hits you!
The catoblepas breathes a plume of calcifying dust at you.
The blast of calcifying dust hits the gargoyle.
The blast of calcifying dust hits you.
The gargoyle hurls a stone arrow at you.
The stone arrow hits you! The gargoyle barely misses you.
You see here a +0 plate armour.
The gargoyle attacks as you move away! The gargoyle hits you with a +0 flail!!
* * * LOW HITPOINT WARNING * * *
You see here the -2 cloak of Gixkelem {Str+2}.
E - the -2 cloak of Gixkelem {Str+2} The gargoyle hits you with a +0 flail!!
You die...

* © * ,*, , * , ,,#.#
.## * #.#.# * * * ##.##
.#.,##.#.#. * ,
.#.#Z##B##Z#.#...
*#################**
.......©.........©
,.......©......... * ,
#################* * * ,
..#...$©9@..#.... , *,
,, , .#..##§##..#...., *
..* ##9Y.##.#..#≈* *≈
##..#.#..§..#.#§§# ****
#≈..#....©Y...#§.§#
#######..#.#.....#.#§.##
*
#≈#≈#≈#..#.##...##.#..#
≈
#§.......#..##.##..#...
§........#.........#...
*


You could see a spectral six-headed hydra, a spectral cane toad, a death scarab,
a molten gargoyle and a gargoyle.

Vanquished Creatures
  A hydra (D:9)
  A two-headed ogre (D:9)
  Pikel (D:7)
  2 kobold demonologists (D:6)
  An ice devil (Gauntlet)
  Grinder (D:6)
  3 hornets
  Sigmund (D:3)
  2 shadows (D:9)
  3 wyverns
  7 yaks
  Eustachio (D:4)
  An acid dragon (D:9)
  2 water moccasins
  3 orc warriors (D:9)
  2 black bears
  An ice beast (D:7)
  A sky beast (D:8)
  4 centaurs
  A lemure (D:7)
  Blork the orc (D:4)
  A phantom (D:4)
  4 bullfrogs
  4 kobold brigands
  4 necrophages
  3 scorpions
  2 gnoll sergeants (D:9)
  5 wights (D:8)
  6 killer bees (D:9)
  8 howler monkeys
  A hound (D:4)
  A gnoll shaman (D:6)
  2 jellies
  3 orc priests
  3 iguanas
  9 orc wizards
  8 adders
  11 gnolls
  3 white imps
  3 worms
  2 dart slugs
  18 orcs
  5 bats
  12 endoplasms
  4 giant cockroaches
  5 goblins
  8 hobgoblins
  3 jackals (D:2)
  6 quokkas
  4 ball pythons
  2 frilled lizards (D:1)
  9 kobolds
  2 rats (D:1)
201 creatures vanquished.

Vanquished Creatures (others)
  A fungus (D:1)
1 creature vanquished.

Grand Total: 202 creatures vanquished

Notes
Turn   | Place    | Note
-------+----------+-------------------------------------------
     0 | D:1      | frimble the Meteoran Ice Elementalist began the quest for
                  | the Orb.
     0 | D:1      | Reached XP level 1. HP: 14/14 MP: 5/5
    64 | D:1      | Reached XP level 2. HP: 15/20 MP: 3/6
   125 | D:1      | Found a faded altar of an unknown god.
   180 | D:1      | Reached XP level 3. HP: 26/26 MP: 5/8
   297 | D:1      | Learned a level 3 spell: Frozen Ramparts
   301 | D:1      | Learned a level 3 spell: Ozocubu's Armour
   422 | D:2      | Reached XP level 4. HP: 32/33 MP: 2/10
   739 | D:2      | Reached skill level 1 in Fighting
   878 | D:2      | Reached skill level 5 in Ice Magic
   879 | D:2      | Reached XP level 5. HP: 33/41 MP: 5/11
  1235 | D:3      | Noticed Sigmund
  1256 | D:3      | Killed Sigmund
  1257 | D:3      | Reached XP level 6. HP: 18/52 MP: 6/12
  1310 | D:3      | Reached XP level 7. HP: 58/58 MP: 10/13
  1552 | D:4      | Found a staircase to the Ecumenical Temple.
  1564 | Temple   | Entered the Ecumenical Temple
  1604 | Temple   | Became a worshipper of Cheibriados the Contemplative
  1872 | D:4      | Noticed Eustachio
  1881 | D:4      | Killed Eustachio
  1882 | D:4      | Reached skill level 5 in Fighting
  1882 | D:4      | Reached skill level 1 in Maces & Flails
  1882 | D:4      | Reached XP level 8. HP: 28/68 MP: 2/14
  2015 | D:4      | Noticed Blork the orc
  2022 | D:4      | Killed Blork the orc
  2025 | D:4      | Reached * piety under Cheibriados
  2215 | D:5      | Entered Level 5 of the Dungeon
  2283 | D:5      | Found a stormy altar of Qazlal.
  2312 | D:5      | Found an iron altar of Okawaru.
  2313 | D:5      | Found a bloodstained altar of Trog.
  2314 | D:5      | Found a burning altar of Makhleb.
  2314 | D:5      | Found an opulent altar of Gozag.
  2348 | D:5      | Learned a level 4 spell: Hailstorm
  2397 | D:5      | Reached skill level 1 in Conjurations
  2544 | D:5      | Reached skill level 5 in Maces & Flails
  2544 | D:5      | Gained mutation: You passively map the area around you.
                  | [Meteoran growth]
  2544 | D:5      | Reached XP level 9. HP: 67/74 MP: 11/15
  2605 | D:6      | Noticed Grinder
  2624 | D:6      | Killed Grinder
  2723 | D:6      | Noticed a kobold demonologist
  2723 | D:6      | Noticed a kobold demonologist
  2737 | D:6      | Killed a kobold demonologist
  2738 | D:6      | Killed a kobold demonologist
  2743 | D:6      | Reached ** piety under Cheibriados
  2746 | D:6      | Reached skill level 5 in Conjurations
  2760 | D:6      | Found Ginoir's Antique Armour Emporium.
  2775 | D:6      | Reached XP level 10. HP: 58/81 MP: 9/16
  2779 | D:6      | Reached skill level 10 in Ice Magic
  2779 | D:6      | Reached skill level 1 in Invocations
  2779 | D:6      | Reached skill level 1 in Evocations
  2841 | D:6      | Found a shadowy altar of Dithmenos.
  2842 | D:6      | Found a hazy altar of Hepliaklqana.
  3033 | D:5      | Found a radiant altar of Vehumet.
  3430 | D:7      | Reached *** piety under Cheibriados
  3521 | D:7      | Found a glowing silver altar of Zin.
  3694 | D:7      | Noticed Pikel
  3700 | D:7      | Killed Pikel
  3771 | D:8      | Reached skill level 5 in Invocations
  3806 | D:8      | Reached XP level 11. HP: 69/84 MP: 11/17
  3946 | D:8      | Reached skill level 5 in Evocations
  4096 | D:8      | Found a staircase to the Lair.
  4214 | D:8      | Found Agru's Book Shoppe.
  4224 | D:8      | Bought a book of Burglary for 240 gold pieces
  4346 | D:8      | Learned a level 2 spell: Passwall
  4559 | D:9      | Found Gazeakk's Distillery.
  4654 | D:9      | Reached skill level 1 in Transmutations
  4654 | D:9      | Reached skill level 1 in Earth Magic
  4796 | D:9      | Found a broken altar of Ashenzari.
  4839 | D:9      | Noticed a five-headed hydra
  4850 | D:9      | Killed a five-headed hydra
  4850 | D:9      | Reached **** piety under Cheibriados
  4851 | D:9      | Reached skill level 10 in Maces & Flails
  4860 | D:9      | Noticed a two-headed ogre
  4867 | D:9      | Killed a two-headed ogre
  4957 | D:9      | Found a shimmering altar of Xom.
  5272 | D:10     | Entered Level 10 of the Dungeon
  5410 | D:12     | Found a gate leading to a gauntlet.
  5415 | Gauntlet | Entered a Gauntlet
  5415 | Gauntlet | Found a transporter.
  5415 | Gauntlet | Found a transporter.
  5415 | Gauntlet | Found a runed translucent door.
  5417 | Gauntlet | Found a runed translucent door.
  5417 | Gauntlet | Noticed a death scarab
  5419 | Gauntlet | Found a transporter.
  5434 | Gauntlet | Noticed a shining eye
  5443 | Gauntlet | Found a transporter.
  5451 | Gauntlet | Found a transporter.
  5453 | Gauntlet | Found a transporter.
  5453 | Gauntlet | Found a transporter.
  5478 | Gauntlet | Reached XP level 12. HP: 51/95 MP: 18/18
  5524 | Gauntlet | Noticed a catoblepas
  5645 | Gauntlet | Found a transporter.
  5645 | Gauntlet | Found a transporter.
  5647 | Gauntlet | Noticed a death scarab
  5651 | Gauntlet | Noticed a death scarab
  5653 | Gauntlet | Identified the -2 cloak of Gixkelem {Str+2}
  5654 | Gauntlet | Mangled by a gargoyle

Illustrated notes

Levels and vault maps discovered:
D:1:      erik_arrival_blinker_ship, layout_basic,
          shapermc_ecumenical_altar_ellora, minmay_close_crescents
D:2:      layout_basic
D:3:      layout_basic, minmay_box_of_dots, uniq_sigmund
D:4:      layout_loops_cross, nicolae_uskayaw_suspiria,
          minmay_temple_entry_mist, minmay_diced_spiral, uniq_eustachio,
          uniq_blork_the_orc
D:5:      layout_basic, grunt_temple_overflow_open, nicolae_vehumet_altar_sigil,
          minmay_liquid_box, minmay_statues_item
D:6:      layout_loops_cross, riverfiend_overflow_shadow_ancestor, serial_shops,
          nicolae_shop_statue_plus, uniq_grinder
D:7:      layout_cave_pods, lemuel_round_altar, uniq_menkaure, uniq_pikel
D:8:      layout_basic, dpeg_oklobed_lair, serial_shops, nicolae_lakefront_shop,
          blue_anna_alchemist
D:9:      layout_loops_ring, mainiacjoe_overflow_alcove_4,
          ashenzari_conservatory_becter, serial_shops,
          nicolae_shop_advertising_works [nicolae_subvault_shop_adworks],
          nzn_random_ring
D:10:     layout_layer_cave, nicolae_wu_jian_glorious_leap
D:11:     layout_rooms, erik_orc_4, serial_shops, nicolae_shop_waterfront,
          nicolae_shop_clearance
D:12:     layout_loops_ring, gauntlet_entry_generic,
          chequers_serial_rivers_micro_b, uniq_maurice
Temple:   jpeg_temple_island
Gauntlet: gammafunk_gauntlet_mixed_choke_point
          [minmay_gauntlet_arena_77_shame_cube, minmay_gauntlet_arena_77_box,
          minmay_gauntlet_arena_77_mess, gammafunk_gauntlet_arena_split_diamond,
          minmay_gauntlet_arena_77_path,
          minmay_gauntlet_arena_77_tiled_triplets,
          minmay_gauntlet_arena_77_mirror, dreamdust_gauntlet_exit_labyrinth]

Skill      XL: |  1  2  3  4  5  6  7  8  9 10 11 |
---------------+----------------------------------+-----
Spellcasting   | 3 |  3.3
Dodging        | 3 |  3.1
Stealth        | 2 |  2.0
Fighting       | 1 3 5 |  5.6
Ice Magic      | 5 6 7 8 9 10 | 10.0
Maces & Flails | 1 5 7 9 10 | 10.9
Conjurations   | 1 5 7 |  7.6
Invocations    | 5 7 |  7.7
Evocations     | 4 6 |  6.3
Transmutations | 4 |  4.3
Earth Magic    | 4 |  4.3

Action                   |  1- 3 |  4- 6 |  7- 9 | 10-12 || total
-------------------------+-------+-------+-------+-------++-------
Melee: Unarmed           |     9 |    18 |     6 |       ||    33
       Flail             |       |       |    53 |   227 ||   280
       Punch             |       |       |     2 |     2 ||     4
 Cast: Freeze            |    40 |    38 |    43 |     2 ||   123
       Frozen Ramparts   |       |     5 |    22 |    27 ||    54
       Ozocubu's Armour  |       |     1 |     9 |    19 ||    29
Invok: Slouch            |       |       |       |     1 ||     1
Evoke: Wand              |       |       |     1 |     7 ||     8
  Use: Scroll            |       |     5 |     4 |     7 ||    16
       Potion            |       |     1 |     1 |     2 ||     4
 Stab: Sleeping          |       |     1 |       |       ||     1
Armor: Robe              |     8 |    11 |    34 |    52 ||   105
       Skin              |       |       |     1 |     9 ||    10
Dodge: Dodged            |    34 |    27 |    69 |   160 ||   290

Table legend: (Time is in decaauts)
 A = Elapsed time spent in this place.
 B = Non-inter-level travel time spent in this place.
 C = Inter-level travel time spent in this place.
 D = Time resting spent in this place.
 E = Time spent auto-exploring this place.
 F = Levels seen in this place.
 G = Mean time per level.
                   A        B        C        D        E       F      G
               +--------+--------+--------+--------+--------+-----+--------+
         Total |   7416 |   6915 |    501 |    159 |   5108 |  14 |  529.7 |
       Dungeon |   7042 |   6585 |    457 |     23 |   5076 |  12 |  586.8 |
        Temple |     85 |     41 |     44 |      0 |     30 |   1 |   85.0 |
      Gauntlet |    288 |    288 |      0 |    136 |      1 |   1 |  288.0 |
               +--------+--------+--------+--------+--------+-----+--------+

Top non-repeatable levels by time:
     D:8: 1178 daAuts
     D:9: 1142 daAuts
     D:7: 911 daAuts
     D:4: 752 daAuts
     D:6: 719 daAuts
     D:2: 717 daAuts
     D:5: 558 daAuts
     D:3: 464 daAuts
     D:1: 360 daAuts
Gauntlet: 288 daAuts
    D:10: 185 daAuts
  Temple: 85 daAuts
    D:11: 44 daAuts
    D:12: 6 daAuts
